 Dungeon Crawl Stone Soup version 0.30-b1-2-g02819fbbbe (webtiles) character file.

Game seed: 6781664131615323042

119248 Gartch the Executioner (level 16, -10/149 HPs)
             Began as a Minotaur Berserker on Dec 12, 2023.
             Was a High Priest of Trog.
             Killed by divine providence
             ... invoked by a meliai
              (12 damage)
             ... on level 2 of the Spider Nest on Dec 14, 2023.
             The game lasted 03:30:15 (33021 turns).

Gartch the Executioner (Minotaur Berserker)        Turns: 33021, Time: 03:30:16

Health: -10/149    AC: 23    Str: 35    XL:     16   Next: 27%
Magic:  5/5        EV: 15    Int:  4    God:    Trog [*****.]
Gold:   1944       SH:  0    Dex:  9    Spells: 15/15 levels left

rFire   . . .        L - +2 executioner's axe (antimagic)
rCold   . . .        (shield currently unavailable)
rNeg    + + .        E - +7 scale mail of the Other World {rN++ Will+++ Int+2 Dex-2}
rPois   +            R - +0 hat of Dramatic Exits {rC+ Regen+ Int-4 Slay+2}
rElec   .            H - +0 cloak
rCorr   +            C - +0 pair of gloves
SInv    +            m - +2 pair of boots
Will    ++++.        y - amulet of regeneration Stlth
                     i - ring of Weirel {rC- rCorr Str+6 Int+2 SInv}
HPRegen 2.04/turn    e - ring of poison resistance
MPRegen 0.09/turn

%: no passive effects
@: confused, ambrosia-drunk
A: horns 2, retaliatory headbutt
a: Renounce Religion, Berserk, Trog's Hand, Brothers in Arms


You were on level 2 of the Spider Nest.
You worshipped Trog.
Trog was extremely pleased with you.
You visited 4 branches of the dungeon, and saw 24 of its levels.
You also visited: Bailey, Gauntlet and Ice Cave.

You collected 2406 gold pieces.
You spent 462 gold pieces at shops.

Inventory:

Hand Weapons
 a - a +6 executioner's axe of draining
 b - a +1 arbalest of freezing
 L - a +2 antimagic executioner's axe (weapon)
 O - a +3 hand axe of freezing
 Y - a +1 hand axe of flaming
Missiles
 Q - a throwing net
Armour
 m - a +2 pair of boots (worn)
 v - a +2 hat
 C - a +0 pair of gloves (worn)
 E - the +7 scale mail of the Other World (worn) {rN++ Will+++ Int+2 Dex-2}
   (You took it off a minotaur in a Gauntlet)

   Int:       It affects your intelligence (+2).
   Dex:       It affects your dexterity (-2).
   rN:        It greatly protects you from negative energy.
   Will:      It greatly increases your willpower.
 H - a +0 cloak (worn)
 R - the +0 hat of Dramatic Exits (worn) {rC+ Regen+ Int-4 Slay+2}
   (You found it on level 1 of the Spider Nest)

   Int:       It affects your intelligence (-4).
   Slay:      It affects your accuracy & damage with ranged weapons and melee
   (+2).
   rC:        It protects you from cold.
   Regen:     It increases your rate of health regeneration.
Jewellery
 e - a ring of poison resistance (right hand)
 g - a ring of resist corrosion
 i - the ring of Weirel (left hand) {rC- rCorr Str+6 Int+2 SInv}
   (You found it in a Gauntlet)

   [ring of strength]

   Str:       It affects your strength (+6).
   Int:       It affects your intelligence (+2).
   rC:        It makes you vulnerable to cold.
   SInv:      It lets you see invisible.
   rCorr:     It protects you from acid and corrosion.
 p - a ring of protection from fire
 y - an amulet of regeneration (around neck)
 M - a ring of willpower
 X - a ring of protection from fire
Wands
 j - a wand of flame (46)
 u - a wand of polymorph (9)
 w - a wand of light (8)
 D - a wand of charming (23)
 G - a wand of digging (4)
 T - a wand of mindburst (3)
 V - a wand of roots (17)
Scrolls
 c - a scroll of identify
 d - 7 scrolls of fog
 f - 3 scrolls of fear
 o - 14 scrolls of teleportation
 t - a scroll of silence
 F - a scroll of brand weapon
 J - 6 scrolls of poison
 K - 6 scrolls of blinking
 N - a scroll of enchant weapon
 P - 5 scrolls of magic mapping
Potions
 h - 8 potions of haste
 k - 3 potions of invisibility
 n - 4 potions of ambrosia
 q - 15 potions of curing
 r - 6 potions of flight
 s - a potion of attraction {unknown}
 z - 2 potions of berserk rage
 A - 2 potions of lignification
 B - 3 potions of might
 I - a potion of cancellation
 Z - a potion of resistance {unknown}
Miscellaneous
 l - a phantom mirror
 x - a box of beasts
 W - a phial of floods


   Skills:
 + Level 15.5 Fighting
 * Level 21.2 Axes
 + Level 12.3 Ranged Weapons
 + Level 13.8 Armour
 + Level 14.0 Dodging


You had 15 spell levels left.
You didn't know any spells.
Your spell library was empty.

Dungeon Overview and Level Annotations

Branches:
Dungeon (15/15)            Temple (0/1) D:4            Lair (5/5) D:11
 Shoals (0/4) Lair:2       Spider (2/4) Lair:3          Orc (2/2) D:10
    Elf (0/3) Orc:2        Vaults (0/5) D:14         Depths (0/4) D:15
 Bailey (visited)           IceCv (visited)         Gauntlet (visited)
  Slime: Lair:4-5

Altars:
Elyvilon
Gozag
Lugonu

Shops:
D:3 (   D:11 (   D:14 [   Orc:1 (   Orc:2 [(**(

Portals:
Trove: D:15 (give +8 demon whip)

Annotations:
D:9 2h ogre
Spider:2 Nikola
Orc:1 3 runed translucent doors, exclusion: obsidian statue, Frank's ghost, journeyman DsFi


Innate Abilities, Weirdness & Mutations

You have a pair of horns on your head.
You reflexively headbutt those who attack you in melee.


Message History

You headbutt the culicivora!
You kill the culicivora!
Trog accepts your kill.
The meliai calls down the wrath of its god upon you.
Something smites you!
* * * LOW HITPOINT WARNING * * *
The meliai mumbles some strange prayers to its god against you.
Something smites you!
* * * LOW HITPOINT WARNING * * *
You feel your intelligence returning.
You are confused.
You feel invigorated. The meliai barely misses you. The meliai stings you.
* * * LOW HITPOINT WARNING * * *
Nikola falters for a moment.
The meliai hits you but does no damage.
The meliai stings you but does no damage.
The meliai calls down the wrath of its god upon you.
Something smites you!
* * * LOW HITPOINT WARNING * * *
The meliai hits you but does no damage. The meliai barely misses you.
The meliai closely misses you.
The meliai stings you but does no damage.
Nikola misses you.
The meliai mumbles some strange prayers to its god against you.
Something smites you!
* * * LOW HITPOINT WARNING * * *
The meliai hits you but does no damage. The meliai misses you.
Things that are here:
a +0 hand axe; a +0 robe You completely miss the meliai.
The meliai is almost dead.
You closely miss Nikola. You closely miss the meliai.
The meliai closely misses you. The meliai barely misses you.
The meliai hits you with a +0 hand axe!
* * * LOW HITPOINT WARNING * * *
The meliai stings you but does no damage.
Nikola drinks a potion.
Nikola is healed!
The meliai misses you. The meliai barely misses you.
The meliai mumbles some strange prayers to its god against you.
Something smites you!
You die...

##.# ## ##
#..# .# ..
#..#..# . ##.
...#..#..
#...##.......
#..#.....# #
#..#<....#
^..##^.yy##..#
#.......@.#
..#.../@###
#...#....#
#####...##
...... ..#..##
####... ..##
#.#


You could see Nikola (magic disrupted) and 2 meliai.

Vanquished Creatures
  Kirke (Spider:1)
  An emperor scorpion (Spider:1)
  A ghost moth (Spider:1)
  A stone giant (D:15)
  A minotaur (Gauntlet)
  A dire elephant (Gauntlet)
  A fire dragon (Lair:5)
  2 entropy weavers (Spider:1)
  An ettin (Orc:2)
  Josephine (Lair:5)
  2 vault guards (Bailey)
  2 hydras
  Erolcha (D:13)
  A jorogumo (Spider:1)
  2 centaur warriors
  2 death knights (D:15)
  2 two-headed ogres
  Erica (D:8)
  6 boulder beetles
  8 tengu warriors
  8 death yaks
  4 skysharks
  A skeletal warrior (D:15)
  Amaemon (Lair:2)
  2 sun moths
  A pharaoh ant (Spider:1)
  An orb spider (Spider:1)
  2 necromancers
  A wizard (D:15)
  2 orc knights (Orc:2)
  Pikel (D:5)
  A phantasmal warrior (D:14)
  6 wolf spiders
  5 cyclopes
  3 deep elf pyromancers
  A manticore (shapeshifter) (D:14)
  6 orc sorcerers
  11 ugly things
  A moth of wrath (Spider:1)
  Maurice (D:9)
  4 manticores
  A guardian serpent (Lair:5)
  8 black mambas
  15 elephants
  An ice statue (IceCv)
  2 gargoyles
  A merfolk siren (Lair:2)
  3 freezing wraiths (IceCv)
  11 komodo dragons
  A minotaur zombie (Gauntlet)
  An unseen horror (D:11)
  Maggie (D:7)
  18 cane toads
  An orange demon (Lair:1)
  11 rime drakes
  3 kobold demonologists (D:12)
  A tengu conjurer (D:14)
  2 efreet
  13 ice devils (IceCv)
  A yaktaur (D:15)
  7 trolls
  5 tarantellas (Spider:1)
  4 meliai
  3 hornets (Lair:5)
  Grinder (D:3)
  4 blink frogs (Lair:3)
  Sigmund (D:2)
  14 slime creatures
  6 jumping spiders (Spider:1)
  7 culicivoras
  26 yaks
  17 wyverns
  A vampire (D:11)
  2 dire elephant simulacra (IceCv)
  Eustachio (D:5)
  2 hogs (Spider:1)
  8 wraiths
  A human (Bailey)
  6 shadows
  10 basilisks
  A redback simulacrum (D:15)
  A steam dragon (Lair:5)
  14 redbacks
  6 death yak simulacra (IceCv)
  11 vampire mosquitoes
  2 harpy simulacra (IceCv)
  2 wargs (Orc:1)
  An acid dragon (Lair:5)
  21 water moccasins
  2 hydra simulacra (IceCv)
  Duvessa (D:4)
  4 black bears
  An ice beast (D:4)
  24 orc warriors
  6 ogres
  2 sky beasts
  20 wolves
  7 centaurs
  A lemure (D:4)
  3 phantoms
  Blork the orc (D:5)
  A gnoll sergeant (D:10)
  16 bullfrogs
  A two-headed ogre simulacrum (IceCv)
  4 cane toad simulacra (IceCv)
  14 wights
  Dowan (D:4)
  4 elephant simulacra (IceCv)
  5 killer bees
  A howler monkey (D:8)
  4 electric eels
  6 lava snakes (D:8)
  6 hounds
  31 orc priests
  3 jellies
  4 iguanas
  A sleepcap (D:8)
  19 orc wizards
  3 polar bear simulacra (IceCv)
  A troll simulacrum (IceCv)
  A spriggan simulacrum (IceCv)
  3 wolf simulacra (IceCv)
  Robin (D:2)
  8 adders
  14 gnolls
  A naga simulacrum (IceCv)
  2 shadow imps
  14 white imps
  3 ufetubi
  3 worms
  2 dart slugs
  104 orcs
  7 bats
  7 endoplasms
  6 giant cockroaches
  15 goblins
  9 hobgoblins
  5 jackals (D:1)
  5 kobolds
  3 quokkas
  9 ball pythons
  7 frilled lizards
  10 rats
817 creatures vanquished.

Vanquished Creatures (collateral kills)
  An orc warlord (Orc:2)
  A swamp dragon (Lair:5)
  An orc knight (Orc:1)
  2 trolls
  Prince Ribbit (Bailey)
  An acid dragon (Lair:5)
  7 orc warriors
  An ogre (Orc:2)
  An orc priest (Orc:1)
  An orc wizard (Orc:1)
  11 orcs
28 creatures vanquished.

Vanquished Creatures (others)
  2 humans (Spider:1)
  An ufetubus (IceCv)
  A demonic plant (D:12)
  46 fungi
  153 plants
203 creatures vanquished.

Grand Total: 1048 creatures vanquished

Notes
Turn   | Place    | Note
-------+----------+-------------------------------------------
     0 | D:1      | Gartch the Minotaur Berserker began the quest for the Orb.
     0 | D:1      | Reached XP level 1. HP: 19/19 MP: 0/0
   149 | D:1      | Reached skill level 4 in Axes
   164 | D:1      | Reached XP level 2. HP: 27/27 MP: 1/1
   363 | D:1      | Found a faded altar of an unknown god.
   437 | D:1      | Reached ** piety under Trog
   526 | D:1      | Reached XP level 3. HP: 33/33 MP: 2/2
  1121 | D:2      | Noticed Sigmund
  1486 | D:3      | Reached XP level 4. HP: 40/40 MP: 3/3
  1494 | D:3      | Reached skill level 5 in Axes
  1600 | D:3      | Noticed Grinder
  1617 | D:3      | Killed Grinder
  1618 | D:3      | Reached skill level 5 in Fighting
  1618 | D:3      | Reached skill level 6 in Axes
  1618 | D:3      | Reached XP level 5. HP: 48/48 MP: 4/4
  1618 | D:3      | Reached XP level 6. HP: 56/56 MP: 5/5
  1963 | D:3      | Found Vyl Ita's Weapon Shop.
  2148 | D:2      | Identified the +1 helmet of Purpose {rN+++ MP-9 Slay-4
                  | SInv}
  2148 | D:2      | Noticed Robin
  2154 | D:2      | Reached *** piety under Trog
  2159 | D:2      | Killed Robin
  3084 | D:4      | Reached skill level 7 in Axes
  3309 | D:4      | Found a staircase to the Ecumenical Temple.
  3338 | D:4      | Reached XP level 7. HP: 25/62 MP: 6/6
  3675 | D:4      | Noticed Duvessa
  3675 | D:4      | Noticed Dowan
  3690 | D:4      | Killed Duvessa
  3741 | D:4      | Killed Dowan
  4327 | D:5      | Entered Level 5 of the Dungeon
  4327 | D:5      | Noticed Pikel
  4332 | D:4      | Reached skill level 8 in Axes
  4338 | D:4      | Reached skill level 5 in Dodging
  4575 | D:5      | Killed Pikel
  4576 | D:5      | Reached skill level 9 in Axes
  4576 | D:5      | Reached XP level 8. HP: 73/73 MP: 7/7
  4577 | D:5      | Noticed Blork the orc
  4644 | D:5      | Killed Blork the orc
  4758 | D:5      | Noticed Eustachio
  4795 | D:5      | Killed Eustachio
  4960 | D:5      | Reached skill level 10 in Axes
  5563 | D:5      | Reached XP level 9. HP: 81/81 MP: 8/8
  5897 | D:6      | Reached skill level 11 in Axes
  6051 | D:6      | Found an opulent altar of Gozag.
  7109 | D:7      | Found a flagged portal.
  7121 | Bailey   | Entered a bailey
  7144 | Bailey   | Reached skill level 1 in Ranged Weapons
  7145 | Bailey   | Reached **** piety under Trog
  7283 | Bailey   | Noticed a vault guard
  7283 | Bailey   | Noticed Prince Ribbit
  7296 | Bailey   | Killed a vault guard
  7297 | Bailey   | Reached skill level 12 in Axes
  7308 | Bailey   | Killed Prince Ribbit
  7309 | Bailey   | Reached XP level 10. HP: 91/91 MP: 9/9
  7421 | Bailey   | Noticed a vault guard
  7439 | Bailey   | Killed a vault guard
  7910 | D:7      | Reached skill level 5 in Armour
  8178 | D:7      | Noticed Maggie
  8196 | D:7      | Killed Maggie
  8492 | D:8      | Reached skill level 13 in Axes
  8966 | D:8      | Noticed Erica
  8978 | D:8      | Killed Erica
  9038 | D:8      | Reached skill level 10 in Fighting
  9154 | D:8      | Reached XP level 11. HP: 99/99 MP: 10/10
  9431 | D:8      | Noticed a tengu warrior
  9431 | D:8      | Noticed a two-headed ogre
  9640 | D:8      | You fall into a shaft and drop 3 floors!
  9667 | D:11     | Found Ankennon's Weapon Boutique.
  9689 | D:11     | Reached skill level 5 in Ranged Weapons
  9707 | D:10     | Entered Level 10 of the Dungeon
  9815 | D:8      | Reached ***** piety under Trog
  9848 | D:8      | Reached skill level 14 in Axes
 10480 | D:9      | Noticed a two-headed ogre
 10558 | D:9      | Noticed Maurice
 10610 | D:9      | Killed Maurice
 11569 | D:10     | Found a staircase to the Orcish Mines.
 12286 | D:11     | Found a staircase to the Lair.
 12324 | D:11     | Received a gift from Trog
 12359 | Lair:1   | Entered Level 1 of the Lair of Beasts
 12712 | Lair:1   | Reached skill level 15 in Axes
 13018 | Lair:1   | Reached XP level 12. HP: 110/110 MP: 11/11
 13114 | Lair:1   | Reached skill level 10 in Dodging
 13963 | Lair:2   | Noticed Amaemon
 14159 | Lair:2   | Reached skill level 16 in Axes
 14393 | Lair:2   | Found a staircase to the Shoals.
 14414 | Lair:2   | Noticed a death yak
 14437 | Lair:2   | Killed a death yak
 14583 | Lair:2   | Noticed a death yak
 14583 | Lair:2   | Noticed a death yak
 14630 | Lair:2   | Killed a death yak
 14722 | Lair:2   | Noticed a six-headed hydra
 14735 | Lair:2   | Killed a three-headed hydra
 14902 | Lair:2   | Noticed a death yak
 14948 | Lair:2   | Killed a death yak
 15006 | Lair:2   | Noticed a death yak
 15036 | Lair:2   | Killed a death yak
 15053 | Lair:2   | Killed a death yak
 15054 | Lair:2   | Reached XP level 13. HP: 87/118 MP: 12/12
 15290 | Lair:2   | Killed Amaemon
 15430 | Lair:3   | Received a gift from Trog
 15716 | Lair:3   | Reached skill level 17 in Axes
 15871 | Lair:3   | Reached skill level 10 in Armour
 16131 | Lair:3   | Found a hole to the Spider Nest.
 16587 | Lair:4   | You fall into a shaft and drop 1 floor!
 16587 | Lair:5   | Entered Level 5 of the Lair of Beasts
 16660 | Lair:5   | Noticed Josephine
 16670 | Lair:5   | Killed Josephine
 17438 | Lair:5   | Reached skill level 18 in Axes
 17660 | Lair:5   | Reached XP level 14. HP: 128/129 MP: 13/13
 18840 | Lair:5   | Reached skill level 10 in Ranged Weapons
 19657 | Orc:1    | Entered Level 1 of the Orcish Mines
 19657 | Orc:1    | Found a frozen archway.
 19798 | IceCv    | Entered an ice cave
 20163 | IceCv    | Found an ancient bone altar of Kikubaaqudgha.
 20213 | IceCv    | Reached skill level 19 in Axes
 21104 | Orc:1    | Found a runed translucent gate.
 21104 | Orc:1    | Found a runed translucent gate.
 21104 | Orc:1    | Found a runed translucent gate.
 21107 | Orc:1    | Found an opulent altar of Gozag.
 21109 | Orc:1    | Noticed Frank's ghost (journeyman DsFi)
 21134 | Orc:2    | Entered Level 2 of the Orcish Mines
 21471 | Orc:2    | Paralysed by an orc sorcerer for 5 turns
 21624 | Orc:2    | Found Pewet's Weapon Shop.
 21658 | Orc:2    | Found a staircase to the Elven Halls.
 21761 | Orc:2    | Found Leoc's Assorted Antiques.
 22219 | Orc:2    | Found Doecyix's Assorted Antiques.
 22251 | Orc:2    | Bought a scroll of teleportation for 84 gold pieces
 22251 | Orc:2    | Bought a scroll of blinking for 210 gold pieces
 22299 | Orc:2    | Received a gift from Trog
 22581 | Orc:2    | Found Yngentar's Antique Armour Emporium.
 22591 | Orc:2    | Found Jierah's Antique Weapon Shoppe.
 22660 | Orc:2    | Noticed an orc warlord
 22689 | Orc:2    | Killed an orc warlord
 22890 | Orc:1    | Found Pakoekli's Weapon Shoppe.
 22939 | Orc:1    | Reached XP level 15. HP: 107/139 MP: 14/14
 23441 | D:2      | Killed Sigmund
 25045 | D:12     | Found a corrupted altar of Lugonu.
 25100 | D:12     | Received a gift from Trog
 26245 | D:13     | Noticed Erolcha
 26264 | D:13     | Killed Erolcha
 26893 | D:14     | Found a gate to the Vaults.
 26937 | D:14     | Found Lunkecup's Armour Shop.
 26983 | D:14     | Reached skill level 20 in Axes
 26990 | D:14     | Received a gift from Trog
 27005 | D:14     | Found a gate leading to a gauntlet.
 27021 | Gauntlet | Entered a Gauntlet
 27021 | Gauntlet | Found a transporter.
 27024 | Gauntlet | Found a transporter.
 27028 | Gauntlet | Found a transporter.
 27048 | Gauntlet | Found a transporter.
 27058 | Gauntlet | Found a transporter.
 27078 | Gauntlet | Found a transporter.
 27088 | Gauntlet | Found a transporter.
 27092 | Gauntlet | Found a transporter.
 27096 | Gauntlet | Found a transporter.
 27100 | Gauntlet | Found a transporter.
 27100 | Gauntlet | Found a transporter.
 27105 | Gauntlet | Found a transporter.
 27301 | Gauntlet | Identified the ring of Weirel {rC- rCorr Str+6 Int+2 SInv}
 27318 | Gauntlet | Identified the +4 great sword "Qeywih" {elec, Will+}
 27318 | Gauntlet | Identified the +7 scale mail of the Other World {rN++
                  | Will+++ Int+2 Dex-2}
 28073 | D:14     | Found an opulent altar of Gozag.
 28372 | D:14     | Found a white marble altar of Elyvilon.
 28430 | D:15     | Entered Level 15 of the Dungeon
 28509 | D:15     | Reached skill level 15 in Fighting
 29309 | D:15     | Found a staircase to the Depths.
 29787 | D:15     | Found a portal to a secret trove of treasure.
 30157 | Spider:1 | Entered Level 1 of the Spider Nest
 30346 | Spider:1 | Reached XP level 16. HP: 149/149 MP: 15/15
 31155 | Spider:1 | Noticed Kirke
 31161 | Spider:1 | Killed Kirke
 31178 | Spider:1 | Reached skill level 21 in Axes
 31701 | D:14     | Bought a scarf of invisibility for 168 gold pieces
 32758 | Spider:1 | Identified the +0 hat of Dramatic Exits {rC+ Regen+ Int-4
                  | Slay+2}
 32889 | Spider:2 | Noticed Nikola
 33020 | Spider:2 | HP: 6/149 [meliai/divine providence (8)]
 33021 | Spider:2 | HP: 2/149 [meliai/+0 hand axe (8)]
 33021 | Spider:2 | Killed from afar by a meliai

Illustrated notes

Levels and vault maps discovered:
D:1:      dpeg_arrival_tiny_c, layout_basic,
          shapermc_ecumenical_altar_acropolis, st_stairs_12, serial_park_tiny_2,
          minmay_heptomino_w4
D:2:      layout_loops_ring, uniq_robin, uniq_sigmund
D:3:      layout_rooms, serial_shops, shop, serial_bayou, serial_bayou_pond_a,
          serial_bayou_pond_d, serial_bayou_pond_c, serial_bayou_lake_a,
          serial_bayou_shore_b, serial_bayou_lagoon_a, reono_crystal_passage,
          minmay_fractal_squares_5, uniq_grinder
D:4:      layout_layer_cave, minmay_temple_entry_statues_fountains, uniq_duvessa
D:5:      minmay_razor_zed, layout_loops_ring, uniq_pikel, uniq_eustachio,
          uniq_blork_the_orc
D:6:      layout_basic, mainiacjoe_overflow_small_starburst,
          serial_bayou_ford_a, chequers_serial_rivers_micro_b
D:7:      layout_loops_corners, enter_bailey_2, uniq_maggie
D:8:      kennysheep_big_flooded_room, layout_loops_corners, uniq_erica
D:9:      layout_small_grid, uniq_maurice, uniq_prince_ribbit1
D:10:     layout_cave_pods, orc_0_dummy
D:11:     layout_loops_ring, david_lair_generic, serial_shops, shop,
          hangedman_abyss_or_decor_slice, minmay_misc_feat_enclosed,
          lemuel_flamethrower_2
D:12:     kennysheep_kobold_lugonu_temple, layout_layer_cave
D:13:     layout_stronghold, uniq_erolcha
D:14:     layout_irregular_city, david_vaults_1, grunt_gozag_breadcrumbs,
          gauntlet_entry_generic, serial_shops, nicolae_shop_trees,
          elyvilon_altar_1
D:15:     grunt_enter_depths_snipers, layout_loops_corners,
          nicolae_trove_entry_columns, hex_large
Lair:1:   layout_cave_pods, minivault_25
Lair:2:   layout_gridlike, minmay_shoals_entry_lonely_mermaid, uniq_amaemon
Lair:3:   layout_roguey, dummy_spider_entry
Lair:4:   layout_layer_cave, slime_entry_1, grunt_megastairs_4
Lair:5:   hangedman_lair_tendril_chambers, layout_cellular_growth,
          guppyfry_lair_end_dragon, infiniplex_staircase_pool, uniq_josephine
Spider:1: layout_chambers, hellmonk_motheaten_closet,
          hangedman_spider_tarantella_strand, uniq_kirke
Spider:2: layout_spider_delve, drop_trap, uniq_nikola
Orc:1:    layout_caves, serial_shops, shop, portal_ice_cave_entry_imps,
          ebering_ghost_gozag
Orc:2:    grunt_orc_community_town_hall, layout_caves,
          grunt_orc_community_big_house_2, grunt_orc_community_big_house_2,
          grunt_orc_community_house_3, grunt_orc_community_house_1,
          grunt_orc_community_house_2, grunt_orc_community_house_1,
          serial_shops, nicolae_shop_window_shopping, minmay_orc_temple_b

Skill      XL: |  1  2  3  4  5  6  7  8  9 10 11 12 13 14 15 16 |
---------------+-------------------------------------------------+-----
Axes           | 4 6 7 9 10 12 13 15 16 18 19 20 21 | 21.2
Fighting       | 4 5 7 9 10 11 12 13 14 15 | 15.5
Dodging        | 3 4 5 6 7 8 9 10 11 12 13 14 | 14.0
Ranged Weapons | 2 4 6 8 9 10 12 | 12.3
Armour         | 4 6 7 9 11 12 13 | 13.8

Action                     |  1- 3 |  4- 6 |  7- 9 | 10-12 | 13-15 | 16-18 || total
---------------------------+-------+-------+-------+-------+-------+-------++-------
  Melee: Hand axe          |   108 |    91 |   237 |   736 |  1188 |       ||  2360
         Headbutt          |    12 |    13 |    33 |   175 |   366 |    20 ||   619
         Punch             |       |       |     2 |    12 |    18 |       ||    32
         War axe           |       |       |       |       |    22 |       ||    22
         Executioner's axe |       |       |       |       |   282 |   106 ||   388
   Fire: Shortbow          |       |       |       |    66 |    79 |       ||   145
         Arbalest          |       |       |       |       |   106 |     8 ||   114
 Invoke: Berserk           |     2 |     1 |    10 |    16 |    17 |     4 ||    50
         Trog's Hand       |       |     1 |     3 |     2 |    12 |       ||    18
         Brothers in Arms  |       |       |     1 |       |     5 |     2 ||     8
    Use: Scroll            |       |     5 |     8 |     4 |    16 |     1 ||    34
         Potion            |       |       |       |       |     7 |     2 ||     9
   Stab: Distracted        |       |       |       |       |     1 |       ||     1
 Armour: Animal skin       |    16 |     6 |     4 |       |       |       ||    26
         Chain mail        |       |       |    26 |   191 |   105 |       ||   322
         Plate armour      |       |       |       |       |   359 |       ||   359
         Skin              |       |       |       |       |    51 |       ||    51
         Scale mail        |       |       |       |       |    95 |    82 ||   177
  Dodge: Dodged            |    49 |    49 |   116 |   274 |   555 |    85 ||  1128
